details: 'ffasdf'

« prev index next »

General information

Mini Map

Players

team 1
Orc2g.YusSuKe- (teal | 129 APM | 2151 actions | 16:41)
Hero icon 3 Blademaster
Ability icon 2 Wind Walk
Ability icon 1 Critical Strike
Hero icon 3 Shadow Hunter
Ability icon 1 Hex
Ability icon 2 Healing Wave

» actions
Assign group hotkey61
Basic commands121
Build / train70
ESC pressed17
Enter build submenu14
Enter hero's abilities submenu6
Give item / drop item4
Right click859
Select / deselect429
Select group hotkey399
Use ability171
2151 total
» units
Peon9
Grunt8
Raider6
Spirit Walker4
Kodo Beast1
Demolisher2
30 total
» upgrades
Ensnare1
Spirit Walker Training1
2 total
» buildings
Altar of Storms1
Orc Burrow6
Barracks1
Voodoo Lounge2
Stronghold1
Beastiary1
Spirit Lodge2
War Mill1
15 total
» build order
00:04 Altar of Storms
00:18 Orc Burrow
00:37 Barracks
01:27 Orc Burrow
02:19 Voodoo Lounge
02:58 Stronghold
03:59 Voodoo Lounge
04:44 Orc Burrow
05:24 Beastiary
06:20 Spirit Lodge
06:30 Orc Burrow
07:09 Orc Burrow
07:15 Spirit Lodge
08:13 War Mill
12:31 Orc Burrow
» items
Healing Salve3
Lesser Clarity Potion8
Scroll of Speed2
Scroll of Town Portal2
Scroll of Healing6
Potion of Healing4
25 total
NightElfHawS (purple | 221 APM | 3675 actions | 16:38)
Hero icon 3 Demon Hunter
Ability icon 2 Mana Burn
Ability icon 1 Evasion
Hero icon 3 Naga Sea Witch
Ability icon 1 Frost Arrows
Ability icon 2 Forked Lightning

» actions
Assign group hotkey42
Basic commands286
Build / train106
ESC pressed3
Enter build submenu11
Enter hero's abilities submenu7
Give item / drop item3
Right click1560
Select / deselect584
Select group hotkey883
Use ability190
3675 total
» units
Wisp32
Huntress4
Dryad7
Forest Troll Berserker5
Ogre Mauler4
Forest Troll Shadow Priest6
58 total
» upgrades
Ultravision1
Abolish Magic1
Strength of the Wild2
4 total
» buildings
Altar of Elders1
Moon Well4
Ancient of War1
Hunter's Hall1
Tree of Ages2
Ancient of Wonders1
Ancient of Lore2
Tree of Life1
13 total
» build order
00:06 Altar of Elders
00:17 Moon Well
01:45 Ancient of War
01:47 Hunter's Hall
02:11 Moon Well
02:19 Moon Well
03:59 Tree of Ages
04:00 Tree of Ages
06:10 Ancient of Wonders
06:35 Ancient of Lore
06:38 Ancient of Lore
07:33 Moon Well
12:40 Tree of Life
» items
Dust of Appearance1
Boots of Speed4
Scroll of Healing3
Potion of Lesser Invulnerability2
Scroll of Protection1
Staff of Preservation1
Potion of Mana1
Lesser Clarity Potion1
Potion of Invisibility1
Scroll of Town Portal3
18 total
team 2
Random» Orcboli (orange | 97 APM | 1621 actions | 16:43)
Hero icon 4 Blademaster
Ability icon 2 Wind Walk
Ability icon 2 Critical Strike
Hero icon 4 Shadow Hunter
Ability icon 2 Hex
Ability icon 2 Healing Wave

» actions
Assign group hotkey9
Basic commands148
Build / train67
Enter build submenu14
Enter hero's abilities submenu8
Right click674
Select / deselect290
Select group hotkey297
Use ability114
1621 total
» units
Peon13
Grunt11
Raider7
Spirit Walker2
Shaman1
34 total
» upgrades
Ensnare1
Berserker Strength1
Spirit Walker Training1
Melee Weapons1
Pillage1
5 total
» buildings
Altar of Storms1
Orc Burrow5
Barracks1
Voodoo Lounge1
Stronghold2
War Mill1
Spirit Lodge1
Beastiary1
Great Hall1
14 total
» build order
00:08 Altar of Storms
00:16 Orc Burrow
00:37 Barracks
01:27 Orc Burrow
02:07 Voodoo Lounge
02:58 Stronghold
02:59 Stronghold
04:00 War Mill
04:02 Orc Burrow
05:32 Spirit Lodge
05:41 Beastiary
08:33 Orc Burrow
11:39 Orc Burrow
12:08 Great Hall
» items
Circlet of Nobility1
Healing Salve3
Lesser Clarity Potion3
Scroll of Speed2
Boots of Speed1
Potion of Mana1
Scroll of Regeneration1
Scroll of Town Portal1
Potion of Healing1
14 total
Random» HumanVil (pink | 153 APM | 2552 actions | 16:42)
Hero icon 4 Archmage
Ability icon 2 Summon Water Elemental
Ability icon 2 Brilliance Aura
Hero icon 3 Mountain King
Ability icon 2 Storm Bolt
Ability icon 1 Bash

» actions
Assign group hotkey62
Basic commands44
Build / train86
ESC pressed2
Enter build submenu18
Enter hero's abilities submenu7
Give item / drop item5
Right click1106
Select / deselect495
Select group hotkey570
Use ability157
2552 total
» units
Peasant19
Footman7
Sorceress5
Priest8
Spell Breaker10
49 total
» upgrades
Priest Training1
Sorceress Training1
Magic Sentry1
3 total
» buildings
Altar of Kings1
Farm6
Barracks2
Scout Tower1
Arcane Tower2
Keep1
Arcane Vault1
Lumber Mill1
Arcane Sanctum3
18 total
» build order
00:06 Altar of Kings
00:10 Farm
00:31 Barracks
00:37 Barracks
00:55 Farm
02:20 Scout Tower
02:47 Arcane Tower
03:01 Farm
05:06 Keep
05:30 Farm
06:15 Arcane Vault
06:17 Lumber Mill
07:32 Arcane Sanctum
07:33 Arcane Sanctum
07:36 Arcane Sanctum
08:46 Farm
11:48 Farm
» items
Healing Salve1
Lesser Clarity Potion4
Scroll of Speed1
Boots of Speed2
Dust of Appearance1
Scroll of Town Portal1
Scroll of Regeneration2
Potion of Lesser Invulnerability1
Scroll of Healing1
Scroll of Protection1
15 total